 Dungeon Crawl Stone Soup version 0.26.0-57-g60708a5e39 (webtiles) character file.

Game seed: 14745397832189216077

466 Gadfly the Unbeliever (level 7, -3/66 HPs)
             Began as an Ogre Gladiator on Feb 2, 2021.
             Blown up by Ijyb (6 damage)
             ... with a disintegration bolt
             ... on level 4 of the Dungeon.
             The game lasted 00:08:09 (5738 turns).

Gadfly the Unbeliever (Ogre Gladiator)              Turns: 5738, Time: 00:08:10

Health: -3/66      AC:  5    Str: 21    XL:     7   Next: 8%
Magic:  9/9        EV: 10    Int:  9    God:
Gold:   136        SH:  0    Dex: 10    Spells: 6/6 levels left

rFire    . . .     SeeInvis .   a - +0 flail
rCold    . . .     Faith    .   (no shield)
rNeg     . . .     Spirit   .   j - +2 robe {Will+}
rPois    .         Reflect  .   c - +0 hat
rElec    .         Harm     .   (no cloak)
rCorr    .         Rampage  .   (gloves unavailable)
Will     +....                  (boots unavailable)
Stlth    ++........             (no amulet)
HPRegen  0.21/turn              n - ring of stealth
MPRegen  0.11/turn              (no ring)

@: no status effects
A: large, unfitting armour, tough skin 1
a: no special abilities


You were on level 4 of the Dungeon.
You visited 1 branch of the dungeon, and saw 5 of its levels.

You collected 243 gold pieces.
You spent 107 gold pieces at shops.

Inventory:

Hand Weapons
 a - a +0 flail (weapon)
Missiles
 d - 3 throwing nets
 g - 73 stones (quivered)
 m - 5 large rocks
Armour
 c - a +0 hat (worn)
 j - a +2 robe of willpower (worn)
Jewellery
 n - a ring of stealth (left hand)
Scrolls
 i - a scroll of remove curse
Potions
 b - a potion of berserk rage {unknown}
 e - a potion of ambrosia
 f - a potion of haste
 h - a potion of flight
 k - a potion of resistance


   Skills:
 - Level 2.6 Fighting
 + Level 3.3 Maces & Flails
 + Level 3.1 Throwing
 * Level 2.6 Armour
 - Level 2.6 Dodging
 * Level 3.7 Invocations
 * Level 2.7 Evocations


You had 6 spell levels left.
You didn't know any spells.
Your spell library was empty.

Dungeon Overview and Level Annotations

Branches:
Dungeon (5/15)
 Temple: D:4-7

Altars:
Xom

Shops:
D:4 *

Annotations:
D:4 Ijyb
D:5 Pikel


Innate Abilities, Weirdness & Mutations

You are too large for most types of armour.
You have tough skin. (AC +1)


Message History

Ijyb is almost dead.
Ijyb screams, "You nasty!
Big nasty!"
Ijyb hits you but does no damage.
You hit Ijyb but do no damage.
Ijyb is almost dead.
Ijyb hits you. Ijyb closely misses you.
You completely miss Ijyb.
Ijyb is almost dead.
Ijyb hits you but does no damage.
You hit Ijyb.
Ijyb is almost dead.
Ijyb zaps a wand.
You are blasted!
Ouch! That really hurt!
* * * LOW HITPOINT WARNING * * *
You are too injured to fight recklessly!
You hit Ijyb but do no damage.
Ijyb is almost dead.
Ijyb screams, "Level is mine!
All mine!"
Ijyb zaps a wand.
You are blasted!
You die...

.###.### ##############....
####...#########..........##.....
..........................#......
####...###..####............o....
###........# #..........#......
##.....###.## #..........#......
........##.#####..........#......
.###......................##.....
..##.........###@g...............
.....###..#...##############..###
...)............## #......>..#
#.....#...###....####.######..#
##..#...#...........#.# ##.#
.##..#..#..###.##.##..# ####.###
...).#..#...##.....#.#####.......
..##........#####................
...#.........####.......##.......


You could see Ijyb.

Vanquished Creatures
  A lemure (D:5)
  A scorpion (D:4)
  2 howler monkeys (D:4)
  2 orc wizards (D:4)
  A centaur skeleton (D:4)
  A hound zombie (D:5)
  A hound skeleton (D:4)
  Robin (D:2)
  11 adders
  An adder skeleton (D:4)
  3 worms
  4 dart slugs
  6 leopard geckos
  3 orcs
  5 giant cockroaches
  9 goblins
  10 hobgoblins
  7 jackals
  3 quokkas
  3 ball pythons
  7 bats
  6 frilled lizards
  9 kobolds
  5 rats
102 creatures vanquished.

Notes
Turn   | Place    | Note
-------+----------+-------------------------------------------
     0 | D:1      | Gadfly the Ogre Gladiator began the quest for the Orb.
     0 | D:1      | Reached XP level 1. HP: 22/22 MP: 1/1
   481 | D:1      | Reached XP level 2. HP: 27/29 MP: 2/2
   766 | D:2      | Reached skill level 1 in Invocations
  1035 | D:2      | Reached XP level 3. HP: 32/36 MP: 3/3
  1043 | D:2      | Reached skill level 1 in Evocations
  1188 | D:2      | Reached skill level 1 in Armour
  1267 | D:2      | Noticed Robin
  1319 | D:2      | Reached XP level 4. HP: 18/44 MP: 5/5
  1325 | D:2      | HP: 1/44 [Robin/+0 club (3)]
  1326 | D:2      | Killed Robin
  1638 | D:2      | Found a shimmering altar of Xom.
  2470 | D:2      | Reached XP level 5. HP: 47/50 MP: 6/6
  4070 | D:4      | Reached XP level 6. HP: 59/59 MP: 8/8
  4802 | D:4      | Found Teanewarhy's Assorted Antiques.
  4805 | D:4      | Bought a scroll labelled XIM ZUOGHECH for 22 gold pieces
  4805 | D:4      | Bought a scroll labelled KEDOQALOIH for 22 gold pieces
  4805 | D:4      | Bought a green potion for 19 gold pieces
  4960 | D:4      | Bought a scroll of identify for 44 gold pieces
  4996 | D:5      | Entered Level 5 of the Dungeon
  5051 | D:5      | HP: 2/59 [something (3)]
  5534 | D:5      | Noticed Pikel
  5559 | D:5      | Noticed Ijyb
  5569 | D:4      | Reached XP level 7. HP: 36/66 MP: 9/9
  5737 | D:4      | HP: 3/66 [disintegration (33)]
  5738 | D:4      | Blown up by Ijyb

Illustrated notes

Levels and vault maps discovered:
D:1:      psy_arrival_basics, layout_loops_ring
D:2:      layout_rooms, tgw_xom, uniq_robin
D:3:      layout_basic
D:4:      layout_rooms, serial_shops, nicolae_shop_behind_doors
D:5:      minmay_diamond_boxcup, layout_basic, kennysheep_mini_moat,
          minmay_temple_entry_hall, serial_shops, nicolae_shop_stone, shop,
          uniq_duvessa, uniq_sigmund, uniq_ijyb, uniq_pikel

Skill      XL: |  1  2  3  4  5  6 |
---------------+-------------------+-----
Invocations    | 1 2 3 |  3.7
Evocations     | 1 2 |  2.7
Armour         | 1 2 |  2.6
Maces & Flails | 3 |  3.3
Throwing       | 3 |  3.1
Fighting       | |  2.6
Dodging        | |  2.6

Action                   |  1- 3 |  4- 6 |  7- 9 || total
-------------------------+-------+-------+-------++-------
Melee: Flail             |    95 |   377 |    22 ||   494
Throw: Stone             |     5 |     7 |       ||    12
       Large rock        |       |     2 |       ||     2
  Use: Scroll            |     2 |    16 |       ||    18
       Potion            |       |     5 |       ||     5
 Stab: Sleeping          |       |     2 |       ||     2
       Distracted        |       |     1 |       ||     1
Armor: Robe              |    44 |   128 |     6 ||   178
       Skin              |       |    45 |       ||    45
Dodge: Dodged            |    64 |   235 |     9 ||   308
